 Dungeon Crawl Stone Soup version 0.31-a0-4-gefa6de2278 (webtiles) character file.

Game seed: 15931357108380139796

254 erniekerbler the Conjurer (level 5, -3/28 HPs)
             Began as a Deep Elf Conjurer on May 3, 2023.
             Slain by an ogre
             ... wielding a +0 giant club
              (31 damage)
             ... on level 4 of the Dungeon.
             The game lasted 00:05:37 (3740 turns).

erniekerbler the Conjurer (Deep Elf Conjurer)       Turns: 3740, Time: 00:05:38

Health: -3/28      AC:  4    Str:  4    XL:     5   Next: 90%
Magic:  13/13      EV: 13    Int: 25    God:
Gold:   167        SH:  0    Dex: 13    Spells: 0/13 levels left

rFire   . . .        h - +1 short sword (venom)
rCold   . . .        (no shield)
rNeg    . . .        a - +0 robe
rPois   .            (no helmet)
rElec   .            (no cloak)
rCorr   .            (no gloves)
SInv    .            u - +1 pair of boots
Will    .....        (no amulet)
Stlth   +            (no ring)
HPRegen 0.24/turn    (no ring)
MPRegen 0.13/turn

%: no passive effects
@: very slow
A: no striking features
a: no special abilities


You were on level 4 of the Dungeon.
You visited 1 branch of the dungeon, and saw 4 of its levels.

You collected 167 gold pieces.

Inventory:

Hand Weapons
 h - a +1 short sword of venom (weapon)
Armour
 a - a +0 robe (worn)
 u - a +1 pair of boots (worn)
Wands
 t - a wand of quicksilver (3)
 v - a wand of iceblast (6)
Scrolls
 d - a scroll of vulnerability {unknown}
 g - a scroll of magic mapping {unknown}
 j - a scroll of torment {unknown}
 k - a scroll of enchant weapon {unknown}
 m - a scroll of poison {unknown}
 n - 2 scrolls of immolation {unknown}
 o - 2 scrolls of identify {unknown}
Potions
 c - 3 potions of degeneration {unknown}
 e - a potion of mutation {unknown}
 f - 3 potions of curing
 i - a potion of lignification {unknown}
 l - a potion of flight {unknown}
 p - 2 potions of haste {unknown}
 q - a potion of experience {unknown}
 r - a potion of might {unknown}
 s - 2 potions of cancellation {unknown}


   Skills:
 + Level 3.7 Dodging
 + Level 3.9 Stealth
 * Level 4.6 Spellcasting
 * Level 5.2 Conjurations
 * Level 1.8 Hexes
 * Level 1.6 Translocations
 * Level 1.5 Earth Magic


You couldn't memorise any spells.
You knew the following spells:

 Your Spells              Type           Power      Damage    Failure   Level
a - Magic Dart            Conj           100%       1d8       1%          1
b - Searing Ray           Conj           62%        2d6       1%          2
c - Dazzling Flash        Conj/Hex       46%        N/A       6%          3
d - Stone Arrow           Conj/Erth      44%        3d9       6%          3
e - Blink                 Tloc           28%        N/A       6%          2
f - Call Imp              Summ           10%        N/A       13%         2

Your spell library contained the following spells:

 Spells                   Type           Power      Damage    Failure   Level
 Sting                    Tmut/Pois      20%        1d4       9%          1
 Poisonous Vapours        Pois/Air       10%        N/A       13%         2
 Mephitic Cloud           Conj/Pois/Air  14%        N/A       13%         3
 Inner Flame              Hex/Fire       10%        N/A       17%         3
 Fulminant Prism          Conj/Hex       11%        3d8       21%         4
 Iskenderun's Mystic Bla  Conj/Tloc      23%        2d6       21%         4
 Manifold Assault         Tloc           14%        N/A       38%         4
 Animate Armour           Summ/Erth      18%        N/A       52%         4
 Olgreb's Toxic Radiance  Pois           5%         N/A       65%         4
 Yara's Violent Unravell  Hex/Tmut       5%         3d4       85%         5
 Enfeeble                 Hex            7%         N/A       100%        7
 Storm Form               Tmut/Air       2%         N/A       100%        7
 Lehudib's Crystal Spear  Conj/Erth      11%        10d4      100%        8


Dungeon Overview and Level Annotations

Branches:
Dungeon (4/15)
 Temple: D:4-7

Altars:

Annotations:
D:3 Pikel


Message History

You can't see any susceptible monsters within range! (Use Z to cast anyway.)
You hit the dart slug but do no damage. The dart slug launches a dart at you.
The slug dart hits you.
The magic dart hits the dart slug.
The dart slug is heavily wounded.
The magic dart hits the dart slug.
The dart slug is severely wounded.
The dart slug bites you.
The magic dart hits the dart slug.
You kill the dart slug!
You can't see any susceptible monsters within range! (Use Z to cast anyway.) HP restored.
Magic restored.
You see here a dart slug corpse.
An ogre comes into view. It is wielding a +0 giant club.
The ogre shouts!
You hear a shout!
You can't see any susceptible monsters within range! (Use Z to cast anyway.)
Okay, then.
Casting: Magic Dart (safe; 1% risk of failure)
Confirm with . or Enter, or press ? or * to list all spells.
You blink.
Splash!
An orc wizard comes into view. It is wielding a +0 dagger.
You feel stable enough to blink again.
The orc wizard shouts!
You hear a shout!
An orc comes into view. It is wielding a +0 short sword.
The orc wizard hits the plant with a +0 dagger.
The plant begins to die.
An orc comes into view. It is wielding a +0 whip.
The orc wizard splashes around in the water. x2
You see here a dart slug corpse.
The ogre barely misses you.
The orc wizard gestures wildly while chanting.
The orc wizard flickers and vanishes!
Deactivating autopickup; reactivate with Ctrl-A.
You hear a shout!
The ogre hits you with a +0 giant club!!
Ouch! That really hurt!
You die...

### #♣♣♣♣~♣##
##.♣P~~~~~~#
♣~~~~~~~†P♣#
♣P~P≈~≈≈PP~P#
~~≈≈≈≈≈~~~~~♣##
~P~~~~P~oP~~O@####
~PP~~~{~P~~~~P...##
♣~P....~..........#
..................#
o.........~.~~~~#.#
.~~.~P~~~P♣♣~..#
~~~~P~P~♣~##.##
♣P~♣♣~~♣♣###.#
♣♣♣♣###..#


You could see an ogre and an orc.

Vanquished Creatures
  2 lemures (D:4)
  A phantom (D:4)
  Ijyb (D:3)
  4 gnolls (D:3)
  5 adders
  A worm (D:3)
  4 dart slugs
  4 orcs
  7 endoplasms
  2 giant cockroaches
  6 goblins
  4 hobgoblins
  8 kobolds
  A quokka (D:2)
  2 ball pythons (D:1)
  4 bats
  A frilled lizard (D:1)
  6 rats
63 creatures vanquished.

Vanquished Creatures (others)
  A fungus (D:2)
  10 plants
11 creatures vanquished.

Grand Total: 74 creatures vanquished

Notes
Turn   | Place    | Note
-------+----------+-------------------------------------------
     0 | D:1      | erniekerbler the Deep Elf Conjurer began the quest for the
                  | Orb.
     0 | D:1      | Reached XP level 1. HP: 10/10 MP: 6/6
   358 | D:1      | Reached XP level 2. HP: 15/15 MP: 5/8
  1210 | D:2      | Reached XP level 3. HP: 17/19 MP: 2/10
  1624 | D:2      | Found a faded altar of an unknown god.
  2183 | D:3      | Reached XP level 4. HP: 8/24 MP: 4/12
  2392 | D:3      | Learned a level 2 spell: Searing Ray
  2396 | D:3      | Learned a level 3 spell: Dazzling Flash
  2400 | D:3      | Learned a level 3 spell: Stone Arrow
  2403 | D:3      | Learned a level 2 spell: Blink
  2538 | D:3      | Reached skill level 5 in Conjurations
  2659 | D:3      | Reached skill level 1 in Translocations
  2659 | D:3      | Reached XP level 5. HP: 25/28 MP: 7/13
  2777 | D:3      | Reached skill level 1 in Hexes
  2904 | D:3      | Noticed Ijyb
  2914 | D:3      | Killed Ijyb
  2915 | D:3      | Reached skill level 1 in Earth Magic
  3244 | D:4      | Noticed a phantom
  3337 | D:4      | Killed a phantom
  3401 | D:4      | Noticed Pikel
  3406 | D:4      | Noticed a lemure
  3407 | D:4      | Noticed a lemure
  3409 | D:4      | Noticed a lemure
  3413 | D:4      | Killed a lemure
  3413 | D:4      | Killed a lemure
  3415 | D:4      | Noticed a lemure
  3513 | D:3      | Learned a level 2 spell: Call Imp
  3729 | D:4      | Noticed an ogre
  3740 | D:4      | Slain by an ogre

Illustrated notes

Levels and vault maps discovered:
D:1:      dpeg_arrival_rooms_c, layout_basic, minmay_misc_feat_iff,
          minmay_tripent
D:2:      layout_loops_ring, shapermc_ecumenical_altar_petra
D:3:      cheibrodos_old_hovel, layout_loops_ring, minmay_tree_intersection,
          uniq_ijyb
D:4:      layout_basic, nicolae_overflow_hidden_temple,
          minmay_temple_entry_purple_smoke, serial_bayou, serial_bayou_ford_a,
          serial_bayou_pond_d, serial_bayou_lagoon_a, serial_bayou_pond_e,
          serial_bayou_pond_e, serial_bayou_shore_b, uniq_pikel, uniq_menkaure,
          uniq_blork_the_orc

Skill      XL: |  1  2  3  4  5 |
---------------+----------------+-----
Stealth        | 3 |  3.9
Dodging        | 3 |  3.7
Spellcasting   | 4 |  4.6
Conjurations   | 5 |  5.2
Translocations | 1 |  1.6
Hexes          | 1 |  1.8
Earth Magic    | 1 |  1.5

Action                     |  1- 3 |  4- 6 || total
---------------------------+-------+-------++-------
  Melee: Short sword       |       |     1 ||     1
   Cast: Magic Dart        |    80 |    40 ||   120
         Searing Ray       |       |    10 ||    10
         Blink             |       |     2 ||     2
  Evoke: Wand              |       |     2 ||     2
    Use: Potion            |       |     2 ||     2
 Armour: Robe              |     4 |     2 ||     6
  Dodge: Dodged            |    10 |    13 ||    23

Table legend: (Time is in decaauts)
 A = Elapsed time spent in this place.
 B = Non-inter-level travel time spent in this place.
 C = Inter-level travel time spent in this place.
 D = Time resting spent in this place.
 E = Time spent auto-exploring this place.
 F = Levels seen in this place.
 G = Mean time per level.
                   A        B        C        D        E       F      G
               +--------+--------+--------+--------+--------+-----+--------+
         Total |   3750 |   3451 |    299 |    473 |   2535 |   4 |  937.5 |
       Dungeon |   3750 |   3451 |    299 |    473 |   2535 |   4 |  937.5 |
               +--------+--------+--------+--------+--------+-----+--------+

Top non-repeatable levels by time:
     D:3: 1373 daAuts
     D:1: 1197 daAuts
     D:2: 943 daAuts
     D:4: 235 daAuts
